 Dungeon Crawl Stone Soup version 0.32-a0-886-g41c5271027 (webtiles) character file.

Game seed: 556721471449589998

1003 growler the Cudgeller (level 8, -4/55 (60) HPs)
             Began as a Demonspawn Gladiator on Apr 2, 2024.
             Slain by a wight
             ... wielding a +4 hand axe of freezing
              (5 damage)
             ... on level 6 of the Dungeon.
             The game lasted 00:11:01 (3715 turns).

growler the Cudgeller (Demonspawn Gladiator)        Turns: 3715, Time: 00:11:01

HP:   -4/55 (60)    AC:  6    Str: 14    XL:     8   Next: 0%
MP:   8/8           EV: 12    Int: 11    God:
Gold: 243           SH:  0    Dex: 15    Spells: 7/7 levels left

rFire   . . .        a - +0 flail
rCold   . . .        (no shield)
rNeg    + . .        b - +0 leather armour
rPois   .            c - +0 helmet
rElec   .            (no cloak)
rCorr   .            (no gloves)
SInv    .            (no boots)
Will    .....        k - amulet of the acrobat
Stlth   +            t - ring of positive energy
HPRegen 0.29/turn    (no ring)
MPRegen 0.11/turn

%: acrobat
@: mighty, drained
A: rugged brown scales 2, powered by pain 1, demonic touch 2
a: no special abilities


You were on level 6 of the Dungeon.
You visited 1 branch of the dungeon, and saw 6 of its levels.

You collected 243 gold pieces.

Inventory:

Hand Weapons
 a - a +0 flail (weapon)
Missiles
 d - a throwing net (quivered)
 e - 4 javelins
Armour
 b - a +0 leather armour (worn)
 c - a +0 helmet (worn)
Jewellery
 k - an amulet of the acrobat (around neck)
 t - a ring of positive energy (left hand)
Wands
 u - a wand of iceblast (7)
Scrolls
 i - a scroll of fog {unknown}
 o - 3 scrolls of identify {unknown}
 p - a scroll of vulnerability {unknown}
 r - a scroll of enchant armour {unknown}
 v - a scroll of fear {unknown}
 w - 2 scrolls of silence {unknown}
Potions
 f - a potion of attraction {unknown}
 g - a potion of brilliance {unknown}
 h - a potion of degeneration {unknown}
 j - a potion of enlightenment {unknown}
 l - a potion of heal wounds {unknown}
 m - 3 potions of might {unknown}
 n - a potion of haste {unknown}
 q - a potion of mutation {unknown}
 s - a potion of lignification {unknown}
 x - 2 potions of curing {unknown}
 z - a potion of berserk rage {unknown}


   Skills:
 - Level 3.5 Fighting
 + Level 7.4 Maces & Flails
 - Level 3.2 Throwing
 - Level 3.9 Dodging


You had 7 spell levels left.
You didn't know any spells.
Your spell library was empty.

Dungeon Overview and Level Annotations

Branches:
Dungeon (6/15)
 Temple: D:4-7

Altars:


Innate Abilities, Weirdness & Mutations

You are mostly covered in rugged brown scales. (AC +2, +5% HP)
You sometimes gain a little power by taking damage.
Your touch may inflict irresistible damage on your foes.


Message History

The gnoll attacks as it pursues you! The gnoll barely misses you.
The gnoll hits you with a +0 spear.
You hit the gnoll.
You touch the gnoll.
The gnoll is heavily wounded.
The wight hits you from afar with a +0 trident!
The gnoll hits you with a +0 spear!
You barely miss the gnoll.
The gnoll is heavily wounded.
The wight hits you from afar with a +0 trident.
The gnoll hits you with a +0 spear.
You hit the gnoll.
You kill the gnoll!
The wight hits you from afar with a +0 trident.
You partially resist.
You feel drained. The wight hits you but does no damage.
You have reached level 8!
You feel agile.
You closely miss the wight.
The wight hits you with a +4 hand axe of freezing.
The wight freezes you.
The wight hits you from afar with a +0 trident!
* * * LOW HITPOINT WARNING * * *
You focus on the pain.
You feel very mighty all of a sudden. You partially resist.
You feel drained.
* * * LOW HITPOINT WARNING * * *
Okay, then.
Okay, then.
Throw: 2 throwing nets
Press: ? - help, Q - select action, (/) - cycle Shift-Dir - straight line, f - wight
Aim: a wight, wielding a +4 hand axe of freezing and wearing a +0 robe (57% to hit)
You throw a throwing net.
The throwing net barely misses the wight.
The wight hits you from afar with a +4 trident of freezing!
* * * LOW HITPOINT WARNING * * *
You partially resist.
You feel drained.
* * * LOW HITPOINT WARNING * * *
The wight freezes you.
* * * LOW HITPOINT WARNING * * *
The wight hits you with a +4 hand axe of freezing.
You die...

#......# #......
#.)....# #......
+......# #......
#......##### #......
..###+#.....# ###....
#...'.....# #....
#..†#.)...# #....
#...#.....# #....
###@#.....######....
#######z###.............
......zgz.+............#
..........#............#
.[........#.............
.....##...#.............
..... #...#.............
.... ....##########+#.#
.... ..... #.......#


You could see 3 wights and a gnoll.

Vanquished Creatures
  Sigmund (D:2)
  A black bear (D:5)
  An ogre (D:4)
  An ice beast (D:5)
  A centaur (D:5)
  5 bombardier beetles
  A hound (D:6)
  2 orc priests (D:3)
  Jessica (D:2)
  An iguana (D:6)
  2 orc wizards (D:3)
  A gnoll (D:6)
  6 adders
  2 ribbon worms
  A dart slug (D:1)
  14 orcs
  4 ball pythons
  2 endoplasms
  A giant cockroach (D:3)
  4 goblins
  6 hobgoblins
  5 quokkas
  8 bats
  4 frilled lizards
  2 kobolds (D:1)
  7 rats
84 creatures vanquished.

Vanquished Creatures (others)
  An orc (D:3)
1 creature vanquished.

Grand Total: 85 creatures vanquished

Notes
Turn   | Place    | Note
-------+----------+-------------------------------------------
     0 | D:1      | growler the Demonspawn Gladiator began the quest for the
                  | Orb.
     0 | D:1      | Reached XP level 1. HP: 16/16 MP: 1/1
   107 | D:1      | Gained mutation: You are partially covered in rugged brown
                  | scales. (AC +1, +3% HP) [demonic ancestry]
   107 | D:1      | Reached XP level 2. HP: 16/22 MP: 2/2
   181 | D:1      | Found a faded altar of an unknown god.
   390 | D:1      | Reached skill level 3 in Maces & Flails
   609 | D:2      | Noticed Jessica
   616 | D:2      | Killed Jessica
   617 | D:2      | Gained mutation: You are mostly covered in rugged brown
                  | scales. (AC +2, +5% HP) [demonic ancestry]
   617 | D:2      | Reached XP level 3. HP: 19/29 MP: 3/3
   766 | D:2      | Gained mutation: Your touch may inflict minor irresistible
                  | damage on your foes. [demonic ancestry]
   766 | D:2      | Reached XP level 4. HP: 20/35 MP: 4/4
  1038 | D:2      | Noticed Sigmund
  1053 | D:2      | Killed Sigmund
  1054 | D:2      | Gained mutation: You sometimes gain a little power by
                  | taking damage. [demonic ancestry]
  1054 | D:2      | Reached XP level 5. HP: 37/43 MP: 5/5
  1290 | D:2      | Reached XP level 6. HP: 35/49 MP: 6/6
  1634 | D:3      | Reached skill level 4 in Maces & Flails
  2534 | D:4      | Reached skill level 5 in Maces & Flails
  2626 | D:3      | Gained mutation: Your touch may inflict irresistible damage
                  | on your foes. [demonic ancestry]
  2626 | D:3      | Reached XP level 7. HP: 30/54 MP: 7/7
  2995 | D:5      | Entered Level 5 of the Dungeon
  3083 | D:5      | Reached skill level 6 in Maces & Flails
  3554 | D:5      | Reached skill level 7 in Maces & Flails
  3714 | D:6      | Reached XP level 8. HP: 30/59 MP: 8/8
  3715 | D:6      | HP: 1/55 [wight/+4 trident of freezing (3)]
  3715 | D:6      | Slain by a wight

Illustrated notes

Levels and vault maps discovered:
D:1:      saegor_arrival_simple_e, layout_rooms,
          shapermc_ecumenical_altar_mp_highgroup
D:2:      layout_loops_ring, uniq_jessica, uniq_sigmund
D:3:      layout_basic, amcnicky_altar_gilded, minmay_misc_feat_square
D:4:      layout_rooms
D:5:      layout_cave_pools
D:6:      minmay_spotlight, layout_gridville,
          serial_library_hellmonk_open_square, minmay_hedge_maze, uniq_jeremiah,
          uniq_grinder

Skill      XL: |  1  2  3  4  5  6  7 |
---------------+----------------------+-----
Throwing       | 2 3 |  3.2
Maces & Flails | 3 5 7 |  7.4
Dodging        | 3 |  3.9
Fighting       | 3 |  3.5

Action                     |  1- 3 |  4- 6 |  7- 9 || total
---------------------------+-------+-------+-------++-------
  Melee: Flail             |    72 |   108 |    64 ||   244
         Touch             |       |    20 |    13 ||    33
  Throw: Throwing net      |       |     1 |     1 ||     2
   Stab: Sleeping          |     1 |       |     1 ||     2
 Armour: Leather armour    |    64 |    80 |    36 ||   180
  Dodge: Dodged            |    43 |    65 |    47 ||   155

Table legend: (Time is in decaauts)
 A = Elapsed time spent in this place.
 B = Non-inter-level travel time spent in this place.
 C = Inter-level travel time spent in this place.
 D = Time resting spent in this place.
 E = Time spent auto-exploring this place.
 F = Levels seen in this place.
 G = Mean time per level.
                   A        B        C        D        E       F      G
               +--------+--------+--------+--------+--------+-----+--------+
         Total |   3764 |   3643 |    121 |    217 |   2702 |   6 |  627.3 |
       Dungeon |   3764 |   3643 |    121 |    217 |   2702 |   6 |  627.3 |
               +--------+--------+--------+--------+--------+-----+--------+

Top non-repeatable levels by time:
     D:3: 1062 daAuts
     D:2: 1003 daAuts
     D:5: 633 daAuts
     D:1: 518 daAuts
     D:4: 457 daAuts
     D:6: 88 daAuts
